 Dungeon Crawl Stone Soup version 0.23.0-2-g0fe3ce5 (webtiles) character file.

Game seed: 5287934349825156742

55 p0werm0de the Sneak (level 3, -12/23 HPs)
             Began as an Octopode Wanderer on Feb 19, 2019.
             Was an Initiate of Ashenzari.
             Mangled by a gnoll
             ... wielding a +0 spear
              (13 damage)
             ... on level 3 of the Dungeon.
             The game lasted 00:02:07 (344 turns).

p0werm0de the Sneak (Octopode Wanderer)              Turns: 344, Time: 00:02:08

Health: -12/23     AC:  1    Str: 13    XL:     3   Next: 93%
Magic:  4/4        EV: 17    Int: 13    God:    Ashenzari [......]
Gold:   51         SH:  0    Dex: 16    Spells: 3/4 levels left

rFire    . . .     SeeInvis .   m - +0 trident
rCold    . . .     Gourm    .   (no shield)
rNeg     . . .     Faith    .   (helmet restricted)
rPois    .         Spirit   .   j - amulet of harm
rElec    .         Reflect  .   (no ring)
rCorr    .         Harm     +   (no ring)
MR       .....                  (no ring)
Stlth    ++++......             (no ring)
HPRegen  0.07/turn              (no ring)
MPRegen  0.09/turn              (no ring)
                                (no ring)
                                (no ring)

@: agile
A: almost no armour, stealthy swim, amphibious, 8 rings, constrict 8, camouflage
1, gelatinous body 1
a: Curse Item, Renounce Religion


You were on level 3 of the Dungeon.
You worshipped Ashenzari.
Ashenzari was noncommittal.
You were not hungry.

You visited 1 branch of the dungeon, and saw 3 of its levels.

You collected 51 gold pieces.

Inventory:

Hand Weapons
 b - a +2 blowgun
 m - a +0 trident (weapon)
Missiles
 d - 21 stones (quivered)
 g - 55 arrows
Jewellery
 j - an amulet of harm (around mantle)
Scrolls
 e - a scroll of noise {unknown}
 h - a scroll of magic mapping {unknown}
 i - a scroll of remove curse
 k - 3 scrolls of fear {unknown}
Potions
 l - 2 potions of agility
Comestibles
 c - 9 chunks of flesh
 f - 3 rations


   Skills:
 + Level 1.4 Fighting
 - Level 1.0 Throwing
 + Level 2.8 Stealth
 * Level 2.3 Unarmed Combat
 - Level 1.0 Spellcasting
   Level 2.0 Summonings
 - Level 2.0 Fire Magic
   Level 2.0 Air Magic
   Level 1.2 Poison Magic


You had 3 spell levels left.
You knew the following spells:

 Your Spells              Type           Power        Failure   Level  Hunger
q - Flame Tongue          Conj/Fire      #....        19%         1    ##.....

Your spell library contained the following spells:

 Spells                   Type           Power        Failure   Level  Hunger
 Corpse Rot               Necr           N/A          38%         2    ###....
 Sublimation of Blood     Necr           #.........   38%         2    ###....
 Inner Flame              Hex/Fire       #.......     50%         3    ####...


Dungeon Overview and Level Annotations

Branches:
Dungeon (3/15)

Altars:
Ashenzari
The Shining One


Innate Abilities, Weirdness & Mutations

You cannot wear most types of armour.
You are very stealthy in the water. (Stealth+)
You are amphibious.
You can wear up to eight rings at the same time.
You can use your tentacles to constrict eight enemies at once.
Your skin changes colour to match your surroundings (Stealth+).
Your rubbery body absorbs attacks. (AC +1, EV +1)


Message History

You kill Ijyb!
Your Unarmed Combat skill increases to level 2!
The gnoll closely misses you.
Attack whom?
Press: ? - help, Dir - move target cursor, f - gnoll
Aim: a gnoll, wielding a +0 spear You reach to attack!
You closely miss the gnoll.
The gnoll hits you from afar with a +0 spear!
Ouch! That really hurt!
You are too injured to fight recklessly!
Evoke which item? (* to show all) (? for menu, Esc to quit)
Okay, then.
Okay, then.
It was a potion of agility.
You feel agile all of a sudden.
The gnoll hits you from afar with a +0 spear.
* * * LOW HITPOINT WARNING * * *
The gnoll hits you from afar with a +0 spear!
Ouch! That really hurt!
You die...

## ##. ##.. ##...
######....
###......#..
#.'.#######.
#######.#......#..
#@......######....
#.####### ##...
#g# ##.. #.# ##.
#.# ## #.# #.# #[#
#.#


You could see a gnoll.

Vanquished Creatures
  Ijyb (D:3)
  A dart slug (D:1)
  6 goblins (D:1)
  5 hobgoblins
  3 jackals (D:1)
  4 kobolds (D:1)
  A ball python (D:2)
  2 rats (D:1)
23 creatures vanquished.

Notes
Turn   | Place    | Note
-------+----------+-------------------------------------------
     0 | D:1      | p0werm0de the Octopode Wanderer began the quest for the
                  | Orb.
     0 | D:1      | p0werm0de set off with the following items: 3 curare-tipped
                  | needles, a +2 blowgun, a ration; and the following spell
                  | memorised: Flame Tongue; and the following spells available
                  | to memorise: Corpse Rot, Sublimation of Blood, Inner Flame
     0 | D:1      | Reached XP level 1. HP: 11/11 MP: 2/2
    22 | D:1      | Reached skill level 1 in Unarmed Combat
    22 | D:1      | Reached XP level 2. HP: 15/18 MP: 1/3
    29 | D:1      | Reached skill level 2 in Stealth
   161 | D:1      | Reached skill level 1 in Fighting
   193 | D:1      | Reached XP level 3. HP: 19/23 MP: 4/4
   243 | D:2      | Found a shattered altar of Ashenzari.
   247 | D:2      | Became a worshipper of Ashenzari the Shackled
   289 | D:3      | Found a glowing golden altar of the Shining One.
   322 | D:3      | Noticed Ijyb
   336 | D:3      | Killed Ijyb
   336 | D:3      | Reached skill level 2 in Unarmed Combat
   341 | D:3      | HP: 1/23 [gnoll/+0 spear (7)]
   344 | D:3      | Mangled by a gnoll

Skill      XL: |  1  2  3 |
---------------+----------+-----
Unarmed Combat | 1 2 |  2.3
Stealth        | 2 |  2.8
Fighting       | 1 |  1.4
Throwing       | |  1.0
Spellcasting   | |  1.0
Summonings     | |  2.0
Fire Magic     | |  2.0
Air Magic      | |  2.0
Poison Magic   | |  1.2

Action                   || total
-------------------------++-------
Melee: Unarmed           ||    55
       Constrict         ||    17
       Tentacles         ||    11
       Trident           ||     9
 Fire: Blowgun           ||     3
 Cast: Flame Tongue      ||     3
  Use: Potion            ||     1
 Stab: Sleeping          ||     1
Armor: Skin              ||     2
Dodge: Dodged            ||    34
